Map: Daybreak LE (Void)

Players

Serral

  • Race: Zerg Zerg
  • Spawn Location: 7:00

IIIIIIIIIIII (Has) - Winner!

  • Race: Protoss Protoss
  • League: Diamond
  • Spawn Location: 1:00

Event: NationWars IV

VOD

Have the link to the VOD?

Description

Time

  • Played on: Jan. 3, 2017, 12:40 p.m.
  • Length: 3:11
Show
View Real Time Build Order
Export as new Build Order

Serral Zerg 

Build Orders: Pool First 

Get SALT Encoding   

  12  0:01  Drone  
  13  0:13  Overlord  
  13  0:17  Drone  
  14  0:31  Drone  
  14  0:32  Drone  
  14  0:35  Drone  
  17  0:46  Spawning Pool  
  17  0:48  Drone  
  17  1:17  Drone  
  18  1:19  Extractor  
  17  1:28  Hatchery  
  16  1:33  Zergling x6  
  16  1:36  Queen  
  21  1:46  Overlord  
  21  1:55  Drone  
  22  2:06  Drone  
  23  2:11  Queen  
  25  2:16  Drone  
  26  2:27  Drone  
  26  2:38  Drone  
  27  2:45  Drone x3  
  27  2:50  Drone  
  33  2:52  Drone  
Show
View Real Time Build Order
Export as new Build Order

IIIIIIIIIIII Protoss - Winner!

Build Orders: 1 Gate Expand 

Get SALT Encoding   

  12  0:01  Probe (Chrono Boost)  
  13  0:11  Probe (Chrono Boost)  
  14  0:18  Pylon  
  14  0:23  Probe (Chrono Boost)  
  15  0:36  Probe (Chrono Boost)  
  15  0:41  Gateway  
  16  0:47  Probe (Chrono Boost)  
  16  0:49  Assimilator  
  17  0:57  Probe (Chrono Boost)  
  18  1:08  Probe (Chrono Boost)  
  19  1:17  Pylon  
  20  1:31  Nexus  
  19  1:33  Probe (Chrono Boost)  
  19  1:39  Cybernetics Core  
  20  1:44  Probe (Chrono Boost)  
  21  1:49  Assimilator  
  21  2:00  Pylon  
  22  2:02  Zealot  
  24  2:25  Adept, Gateway  
  26  2:38  Probe (Chrono Boost)  
  26  2:39  Stargate  
  26  2:47  Probe (Chrono Boost)  
  26  2:50  Probe (Chrono Boost)  
  28  2:58  Probe (Chrono Boost)  
Tags
 
Add a new tag
Caveats
  • Supply blocks, unpowered buildings, or Contaminate may cause inaccurate times.
  • Supply counts are checked every 10 seconds.